 Dungeon Crawl Stone Soup version 0.19-a0-1238-gee6bd96 (webtiles) character file.

304 Ijustatesigmund the Conjurer (level 6, -3/36 HPs)
             Began as an Octopode Conjurer on Aug 26, 2016.
             Slain by a sky beast (5 damage)
             ... on level 8 of the Dungeon.
             The game lasted 00:11:32 (3154 turns).

Ijustatesigmund the Conjurer (Octopode Conjurer)    Turns: 3154, Time: 00:11:32

Health: -3/36      AC:  1    Str:  7    XL:     6   Next: 38%
Magic:  6/9        EV: 14    Int: 19    God:
Gold:   81         SH:  0    Dex: 13    Spells: 3 memorised, 3 levels left

rFire  + . .     SeeInvis .     i - +1 dagger (speed)
rCold  . . .     Gourm    .     (no shield)
rNeg   . . .     Faith    .     (helmet restricted)
rPois  .         Spirit   .     c - amulet of magic regeneration
rElec  .         Dismiss  .     f - ring of protection from fire
rCorr  .         Reflect  .     (no ring)
MR     .....     Harm     .     (no ring)
Stlth  ++++......               (no ring)
                                (no ring)
                                (no ring)
                                (no ring)
                                (no ring)

@: very slightly contaminated
A: almost no armour, amphibious, 8 rings, constrict 8, camouflage 1, gelatinous
body 1
a: no special abilities


You were on level 8 of the Dungeon.
You were hungry.

You visited 1 branch of the dungeon, and saw 7 of its levels.

You collected 81 gold pieces.

Inventory:

Hand Weapons
 i - a +1 dagger of speed (weapon)
Jewellery
 c - an amulet of magic regeneration (around mantle)
 f - a ring of protection from fire (left tentacle)
Potions
 h - a potion of agility {unknown}
 l - a potion of invisibility {unknown}
Books
 a - a book of Conjurations

   Spells                             Type                      Level
   a - Magic Dart                     Conjuration                  1
   b - Searing Ray                    Conjuration                  2
   c - Dazzling Spray                 Conjuration/Hexes            3
   d - Fulminant Prism                Conjuration/Hexes            4
   e - Iskenderun's Mystic Blast      Conjuration                  4
   f - Iskenderun's Battlesphere      Conjuration/Charms           5
 k - a book of Geomancy

   Spells                             Type                      Level
   a - Sandblast                      Earth                        1
   b - Passwall                       Transmutation/Earth          2
   c - Stone Arrow                    Conjuration/Earth            3
   d - Petrify                        Transmutation/Earth          4
   e - Lee's Rapid Deconstruction     Earth                        5
Comestibles
 b - 3 bread rations
 g - 2 meat rations
 j - a royal jelly


   Skills:
 - Level 2.7 Dodging
 - Level 4.1 Stealth
 - Level 2.0 Spellcasting
 + Level 5.7 Conjurations
 + Level 3.3 Hexes


You had 3 spell levels left.
You knew the following spells:

 Your Spells              Type           Power        Failure   Level  Hunger
a - Magic Dart            Conj           ###.         1%          1    #......
b - Searing Ray           Conj           ###...       2%          2    ###....
c - Dazzling Spray        Conj/Hex       ###...       10%         3    ###....


Dungeon Overview and Level Annotations

Branches:
Dungeon (9/15)
 Temple: D:4-7         Lair: D:8-11         Orc: D:9-12

Altars:

Annotations:
D:3 braks's ghost, amateur DsMo


Innate Abilities, Weirdness & Mutations

You cannot wear most types of armour.
You are amphibious.
You can wear up to eight rings at the same time.
You can use your tentacles to constrict eight enemies at once.
Your skin changes colour to match your surroundings (Stealth+).
Your rubbery body absorbs attacks. (AC +1, EV +1)


Message History

Okay, then.
It was a potion of curing.
You feel better. Something barely misses you.
You barely miss something. Your squeeze misses something. Something hits you.
Something shocks you.
You closely miss something. You closely miss something. Something hits you.
Something shocks you.
You hit something but do no damage. Something hits you. Something shocks you.
* * * LOW HITPOINT WARNING * * *
You feel much better. Something hits you. Something shocks you.
You miss something. Something hits you. Something shocks you.
You hit something. You completely miss something. Something hits you.
Something shocks you.
* * * LOW HITPOINT WARNING * * *
You hit something but do no damage. You closely miss something.
Your squeeze misses something. Something hits you.
* * * LOW HITPOINT WARNING * * *
Something shocks you.
* * * LOW HITPOINT WARNING * * *
You barely miss something. Something hits you.
You die...

#.# #.#
####### #.#
#...>.# #<#
#.###.######.#
#.# #.#
#........# #.#
#.###.######..
#.# #.....#
..## ###{###
####.###@#####
###.........#
............#
#######.#####
#.# #.# #.#
#.# #.# #.#
#.# #Y# #.#


There were no monsters in sight!

Vanquished Creatures
  A scorpion (D:8)
  A jelly (D:8)
  Crazy Yiuf (D:2)
  Natasha (thrice) (D:2)
  Terence (D:3)
  Robin (D:2)
  3 worms (D:2)
  4 dart slugs
  An orc (D:7)
  2 ball pythons
  A giant cockroach (D:2)
  13 goblins
  9 hobgoblins
  5 quokkas
  5 bats
  3 giant newts
  7 kobolds
  5 rats
66 creatures vanquished.

Notes
Turn   | Place    | Note
-------+----------+-------------------------------------------
     0 | D:1      | Ijustatesigmund the Octopode Conjurer began the quest for the Orb.
     0 | D:1      | Reached XP level 1. HP: 11/11 MP: 3/3
   151 | D:1      | Reached XP level 2. HP: 17/17 MP: 1/5
   158 | D:1      | Learned a level 2 spell: Searing Ray
   607 | D:1      | Reached XP level 3. HP: 12/21 MP: 1/6
   820 | D:2      | Found a faded altar of an unknown god.
   827 | D:2      | Noticed Robin
   850 | D:2      | Killed Robin
  1297 | D:2      | Reached XP level 4. HP: 20/27 MP: 1/7
  1417 | D:2      | Learned a level 3 spell: Dazzling Spray
  1939 | D:2      | Reached skill level 1 in Hexes
  2037 | D:2      | Noticed Natasha
  2043 | D:2      | Killed Natasha
  2122 | D:2      | Found a runed door.
  2126 | D:2      | Noticed Crazy Yiuf
  2130 | D:2      | Killed Crazy Yiuf
  2130 | D:2      | Reached skill level 5 in Conjurations
  2130 | D:2      | Reached XP level 5. HP: 31/31 MP: 4/8
  2241 | D:2      | Noticed Natasha
  2266 | D:2      | Killed Natasha
  2399 | D:2      | Noticed Natasha
  2444 | D:2      | Killed Natasha
  2585 | D:3      | Noticed Terence
  2614 | D:3      | Killed Terence
  2774 | D:3      | Noticed braks's ghost (amateur DsMo)
  2852 | D:4      | You fall through a shaft for 3 floors!
  2943 | D:8      | Reached XP level 6. HP: 29/36 MP: 2/9
  3050 | D:8      | Noticed a sky beast
  3114 | D:9      | Noticed a sky beast
  3154 | D:8      | Slain by a sky beast

Vault maps used:
D:1:      dpeg_arrival_ternary, st_stairs_5
D:2:      ecumenical_altar_1, first_bread, uniq_natasha, uniq_robin,
          uniq_crazy_yiuf_cottage
D:3:      makhleb_altar_promises_db, lemuel_crystal_altar, lemuel_round_altar,
          uniq_terence
D:4:      serial_column_ruins, column_ruins_hut, column_ruins_corridor_plus,
          column_ruins_corridor_straight, column_ruins_grid_3,
          column_ruins_grid_1, serial_shops, shop
D:7:      grunt_qazlal_sundering
D:8:      minmay_blocky_corners, basic_altar

Skill      XL: |  1  2  3  4  5 |
---------------+----------------+-----
Stealth        | 3 4 |  4.1
Hexes          | 2 3 |  3.3
Conjurations   | 5 |  5.7
Dodging        | |  2.7
Spellcasting   | |  2.0

Action                   |  1- 3 |  4- 6 || total
-------------------------+-------+-------++-------
Melee: Constrict         |    11 |     9 ||    20
       Tentacles         |     7 |    12 ||    19
       Unarmed           |     1 |       ||     1
       Dagger            |    39 |    61 ||   100
 Cast: Magic Dart        |    53 |    52 ||   105
       Searing Ray       |     1 |     3 ||     4
       Dazzling Spray    |       |     7 ||     7
  Use: Scroll            |     2 |     2 ||     4
       Potion            |       |     5 ||     5
 Stab: Sleeping          |     1 |     5 ||     6
  Eat: Chunk             |     2 |     5 ||     7
       Beef jerky        |       |     1 ||     1
Armor: Skin              |     6 |     1 ||     7
Dodge: Dodged            |    32 |    23 ||    55
